 Dungeon Crawl Stone Soup version 0.22.1-6-g1668fe2c40 (webtiles) character file.

42 Fascinator the Skirmisher (level 3, 0/29 HPs)
             Began as a Demonspawn Fighter on Jan 27, 2019.
             Slain by Sigmund
             ... wielding a +0 scythe
              (8 damage)
             ... on level 1 of the Dungeon.
             The game lasted 00:01:46 (1082 turns).

Fascinator the Skirmisher (Demonspawn Fighter)      Turns: 1082, Time: 00:01:47

Health: 0/29       AC:  6    Str: 21    XL:     3   Next: 33%
Magic:  0/3        EV:  7    Int:  9    God:
Gold:   75         SH:  9    Dex: 13    Spells: 2/2 levels left

rFire    . . .     SeeInvis .   a - +0 war axe
rCold    . . .     Gourm    .   c - +0 shield
rNeg     . . .     Faith    .   b - +0 scale mail
rPois    .         Spirit   +   (no helmet)
rElec    .         Reflect  .   (no cloak)
rCorr    .         Harm     .   (no gloves)
MR       .....                  (no boots)
Stlth    ..........             (no amulet)
HPRegen  0.09/turn              (no ring)
MPRegen  0.08/turn              (no ring)

@: mighty
A: talons 1, magic shield
a: no special abilities


You were on level 1 of the Dungeon.
You were hungry.

You visited 1 branch of the dungeon, and saw 2 of its levels.

You collected 75 gold pieces.

Inventory:

Hand Weapons
 a - a +0 war axe (weapon)
Armour
 b - a +0 scale mail (worn)
 c - a +0 shield (worn)
Scrolls
 g - 2 scrolls of remove curse {unknown}
 h - a scroll of immolation {unknown}
 j - a scroll of fog {unknown}
 l - 4 scrolls of identify {unknown}
Potions
 e - a potion of lignification {unknown}
 i - a potion of haste {unknown}
 k - 2 potions of ambrosia {unknown}
 m - a potion of magic {unknown}
Comestibles
 f - 2 rations


   Skills:
 * Level 3.6 Fighting
 - Level 1.7 Axes
 + Level 3.0 Armour
 + Level 0.4 Dodging
 + Level 3.1 Shields


You had 2 spell levels left.
You didn't know any spells.
Your spell library was empty.

Dungeon Overview and Level Annotations

Branches:
Dungeon (2/15)

Altars:
Cheibriados

Annotations:
D:1 Sigmund


Innate Abilities, Weirdness & Mutations

You have sharp toenails.
When hurt, damage is shared between your health and your magic reserves.


Message History

A puff of flame appears from out of thin air!
The puff of flame hits you!
There is a stone staircase leading up, spattered with blood here.
You block something's attack.
You climb upwards.
There is a stone staircase leading down here.
You see here a frilled lizard skeleton.
You start resting.
Something hits you but does no damage.
You hear some strange, mumbled words.
Something tries to affect you, but you resist.
You hear some strange, mumbled words.
A magic dart appears from out of thin air!
The magic dart hits you!
* * * LOW HITPOINT WARNING * * *
There is a stone staircase leading down here.
You see here a frilled lizard skeleton.
Your shield and scale mail prevent you from hitting something.
Something hits you!
You die...

# #.......##.# #.#...#.# #
#.#####.##.####.#...#.#### # #.#
#.##..........#.##.. #
##.#####.##.####.......##.#
#######............##########.รท..
.........###.#.##..#.## ###(#..
.######...............#####......
## ######.##.#..#.###....#.#.. #
#....@..#.###......... #
##...{.....##..#.#.#.. #
##.....#.........#...
#.#.#.......#.#.#.#.#
##.#####.............
##.###.#.........##.
##.#.##.........###
##.###............
#####........####


There were no monsters in sight!

Vanquished Creatures
  An ooze (D:1)
  A dart slug (D:1)
  2 giant cockroaches (D:1)
  3 hobgoblins
  7 jackals
  2 ball pythons (D:1)
  4 bats
  4 frilled lizards (D:1)
  3 goblins
  4 kobolds
  3 rats
34 creatures vanquished.

Notes
Turn   | Place    | Note
-------+----------+-------------------------------------------
     0 | D:1      | Fascinator the Demonspawn Fighter began the quest for the
                  | Orb.
     0 | D:1      | Reached XP level 1. HP: 18/18 MP: 1/1
   355 | D:1      | Gained mutation: When hurt, damage is shared between your
                  | health and your magic reserves. [demonic ancestry]
   355 | D:1      | Reached XP level 2. HP: 24/24 MP: 2/2
   725 | D:1      | Found a snail-covered altar of Cheibriados.
   728 | D:1      | Gained mutation: You have sharp toenails. [demonic
                  | ancestry]
   728 | D:1      | Reached XP level 3. HP: 27/29 MP: 3/3
   908 | D:2      | Noticed Sigmund
  1082 | D:1      | Slain by Sigmund

Skill      XL: |  1  2 |
---------------+-------+-----
Shields        | 3 |  3.1
Armour         | 3 |  3.0
Fighting       | |  3.6
Axes           | |  1.7
Dodging        | |  0.4

Action                   || total
-------------------------++-------
Melee: War axe           ||   102
       Kick              ||     5
  Use: Potion            ||     1
Armor: Scale mail        ||    80
Dodge: Dodged            ||    35
Block: Shield            ||    71
